[Event "Live Chess"]
[Site "Chess.com"]
[Date "2020.04.05"]
[Round "?"]
[White "Szeto, Sophie"]
[Black "Vemparala, Nikash"]
[Result "1-0"]
[WhiteElo "1496"]
[BlackElo "1672"]
[PlyCount "61"]
[EventDate "2020.??.??"]
[TimeControl "5400+30"]

1. e4 e5 2. Nf3 Nc6 3. Bc4 Bc5 4. c3 Nf6 5. d4 exd4 6. cxd4 Bb4+ 7. Nc3 Nxe4 8.
O-O Bxc3 9. d5 Ne7 10. bxc3 O-O 11. Qd4 Nf6 12. Bg5 Ng6 13. d6 cxd6 14. Qxd6 h6
15. Bxf6 Qxf6 16. Qxf6 gxf6 17. Rad1 Re8 18. Rd6 Kg7 19. Nd4 Ne5 20. Bb3 a6 21.
Nf5+ Kg6 22. Nh4+ Kg7 23. Re1 Rf8 24. Nf5+ Kg6 25. Rxe5 Kg5 26. h4+ Kg6 27. Bc2
b6 28. Re3 Bb7 29. Rg3+ Kh7 30. Rxf6 Rg8 31. Rxh6# {sls701 won by checkmate}
1-0

[Event "Live Chess"]
[Site "Chess.com"]
[Date "2020.04.04"]
[Round "?"]
[White "Kircher, Caleb"]
[Black "Shanmugam, Meera"]
[Result "1-0"]
[WhiteElo "1784"]
[BlackElo "1224"]
[PlyCount "37"]
[EventDate "2020.??.??"]
[TimeControl "5400+30"]

1. e4 e5 2. f4 Nc6 3. Nf3 f5 4. Nc3 fxe4 5. Nxe5 Nf6 6. d3 Bb4 7. dxe4 Nxe4 8.
Qd5 Nd6 9. Bd2 Qe7 10. O-O-O Nf5 11. Re1 Bxc3 12. Nxc6 Qxe1+ 13. Bxe1 Bxe1 14.
Qe5+ Kf8 15. Qxf5+ Ke8 16. Bc4 dxc6 17. Rxe1+ Kd8 18. Qg5+ Kd7 19. Qe7# {
Strider23cpk won by checkmate} 1-0

[Event "Live Chess"]
[Site "Chess.com"]
[Date "2020.04.04"]
[Round "?"]
[White "Beegala, Keshav"]
[Black "Kircher, Caleb"]
[Result "0-1"]
[WhiteElo "1445"]
[BlackElo "1784"]
[PlyCount "92"]
[EventDate "2020.??.??"]
[TimeControl "5400+30"]

1. d4 g6 2. c4 Bg7 3. Nc3 c5 4. d5 Bxc3+ 5. bxc3 f5 6. Nf3 Qa5 7. Qc2 Nf6 8.
Bf4 d6 9. e3 Nbd7 10. Bd3 Nb6 11. O-O Bd7 12. Rac1 O-O-O 13. Bg5 h6 14. Bxf6
exf6 15. Nh4 Rhg8 16. f4 Rde8 17. Rf3 Qa4 18. Qxa4 Nxa4 19. Rg3 Nb2 20. Bf1 g5
21. Nf3 Rxe3 22. h4 g4 23. Kf2 Rge8 24. Nd2 Rxg3 25. Kxg3 Na4 26. Kf2 Kc7 27.
Bd3 Nb6 28. Nf1 a6 29. Ng3 a5 30. Re1 Rxe1 31. Kxe1 Kd8 32. Nxf5 Bxf5 33. Bxf5
Nxc4 34. Bxg4 Ne3 35. Bf3 b5 36. Kd2 Nf5 37. h5 Nh4 38. Be4 f5 39. Bf3 Nxf3+
40. gxf3 c4 41. Kc2 Kc7 42. a3 Kb6 43. Kb2 Kc5 44. a4 b4 45. Kc2 Kxd5 46. cxb4
axb4 {Strider23cpk won by resignation} 0-1

[Event "Live Chess"]
[Site "Chess.com"]
[Date "2020.04.04"]
[Round "?"]
[White "Kircher, Caleb"]
[Black "Stein, Daniel"]
[Result "0-1"]
[WhiteElo "1784"]
[BlackElo "1555"]
[PlyCount "70"]
[EventDate "2020.??.??"]
[TimeControl "5400+30"]

1. f4 d5 2. Nf3 c5 3. e3 Nc6 4. b3 Nf6 5. Bb5 Qb6 6. Bxc6+ bxc6 7. O-O Bf5 8.
Ne5 h6 9. Nc3 e6 10. Na4 Qc7 11. d3 Nd7 12. Bb2 Rg8 13. Qf3 g5 14. Nxd7 Qxd7
15. e4 Bh7 16. f5 exf5 17. exf5 O-O-O 18. c4 Bd6 19. Ba3 g4 20. Qe2 g3 21. Bxc5
gxh2+ 22. Kh1 Rde8 23. Qf2 Bg3 24. Qf3 Re5 25. Qh5 Rxf5 26. Qxh6 Rxf1+ 27. Rxf1
Bxd3 28. Bxa7 Qxa7 29. Qxc6+ Bc7 30. c5 Bxf1 31. g3 Rxg3 32. Qe8+ Kb7 33. c6+
Ka6 34. Qc8+ Ka5 35. b4+ Kxa4 {TemporaryOnly won by resignation} 0-1

[Event "Live Chess"]
[Site "Chess.com"]
[Date "2020.04.05"]
[Round "?"]
[White "Velea, Stephanie"]
[Black "Kircher, Caleb"]
[Result "1-0"]
[WhiteElo "1700"]
[BlackElo "1784"]
[PlyCount "209"]
[EventDate "2020.??.??"]
[TimeControl "5400+30"]

1. e4 g6 2. d4 Bg7 3. Nc3 c5 4. Be3 Qa5 5. Qd2 cxd4 6. Bxd4 Bxd4 7. Qxd4 Nf6 8.
Nf3 Nc6 9. Qd2 d6 10. a3 Bg4 11. Be2 O-O 12. h3 Bxf3 13. Bxf3 Ne5 14. Be2 Rac8
15. O-O Nc4 16. Bxc4 Rxc4 17. Qe3 Rfc8 18. Rad1 Qa6 19. Rd4 b5 20. Rfd1 R4c5
21. R4d2 Qc6 22. Nd5 Nxd5 23. exd5 Qd7 24. c3 a6 25. Re1 R8c7 26. Rd4 Qf5 27.
Qe4 Qd7 28. Qe3 Qf5 29. Qe4 Qxe4 30. Rexe4 Kf8 31. Kf1 Ke8 32. Rd1 Kd7 33. Red4
h5 34. Rf4 Ke8 35. Ke2 Kf8 36. Rfd4 Kg7 37. Kf3 Kf6 38. Rf4+ Kg7 39. Rfd4 g5
40. h4 f6 41. hxg5 fxg5 42. g3 Rc8 43. Re4 Rf8+ 44. Kg2 Rf7 45. Re6 Kf8 46. Re4
Rf5 47. Red4 Kf7 48. f3 Re5 49. Kf2 Kf6 50. R1d3 Rc8 51. Rd1 Kf7 52. Rh1 Kg6
53. Rhd1 a5 54. Rh1 Rf8 55. Rhd1 Ref5 56. R1d3 g4 57. f4 Rc8 58. Rd1 Rc5 59.
R1d2 Kf7 60. Rd1 Ke8 61. Ke3 Kf7 62. Kf2 Rc8 63. Rh1 b4 64. axb4 axb4 65. Rxb4
Rxd5 66. Re1 Rd2+ 67. Re2 Rd3 68. Rb7 Rf3+ 69. Kg2 Re8 70. Rb5 Kg6 71. Rg5+ Kh6
72. Re6+ Kh7 73. Rxh5+ Kg7 74. Rg5+ Kf7 75. Re2 Rd3 76. Rxg4 Rb8 77. Rh4 Rb3
78. Rh7+ Kf8 79. Rhxe7 Rxb2 80. Re8+ Kf7 81. Rxb2 Kxe8 82. Rc2 d5 83. g4 Re3
84. Rd2 Rxc3 85. Rxd5 Ke7 86. g5 Ke6 87. Re5+ Kf7 88. f5 Rd3 89. Kf2 Rd1 90.
Kf3 Rf1+ 91. Kg2 Rf4 92. Kg3 Rf1 93. Kg2 Rf4 94. Kh3 Rf1 95. Rc5 Rh1+ 96. Kg4
Rg1+ 97. Kf4 Rf1+ 98. Ke3 Re1+ 99. Kf2 Re4 100. Rc7+ Kg8 101. Kf3 Re1 102. Kg4
Rh1 103. f6 Kf8 104. Kf5 Ra1 105. Rc8+ {GeniusSnail won by resignation} 1-0

[Event "Live Chess"]
[Site "Chess.com"]
[Date "2020.04.05"]
[Round "?"]
[White "Johar, Mudit"]
[Black "Kircher, Caleb"]
[Result "1/2-1/2"]
[WhiteElo "1673"]
[BlackElo "1784"]
[PlyCount "38"]
[EventDate "2020.??.??"]
[TimeControl "5400+30"]

1. c4 g6 2. Nc3 Bg7 3. g3 c5 4. Bg2 Nc6 5. e3 d6 6. Nge2 h5 7. h3 Nf6 8. O-O
O-O 9. d4 cxd4 10. exd4 Bf5 11. Be3 Qd7 12. Kh2 Nb4 13. a3 Nc2 14. Rc1 Nxe3 15.
fxe3 g5 16. e4 Bg6 17. Qd2 Nh7 18. Nd5 e6 19. Ne3 Rad8 {Game drawn by agreement
} 1/2-1/2

[Event "Live Chess"]
[Site "Chess.com"]
[Date "2020.04.05"]
[Round "?"]
[White "Kircher, Caleb"]
[Black "Chan, Ethan"]
[Result "1/2-1/2"]
[WhiteElo "1784"]
[BlackElo "1566"]
[PlyCount "123"]
[EventDate "2020.??.??"]
[TimeControl "5400+30"]

1. e4 e5 2. f4 d5 3. exd5 exf4 4. Nf3 Nf6 5. Bc4 Nxd5 6. O-O Bc5+ 7. d4 Be7 8.
Qe2 Be6 9. Bxd5 Qxd5 10. Nc3 Qc4 11. Qxc4 Bxc4 12. Re1 Nc6 13. Bxf4 O-O-O 14.
b3 Bb4 15. Bd2 Be6 16. a3 Nxd4 17. Nxd4 Bc5 18. Nce2 Rxd4 19. Nxd4 Bxd4+ 20.
Be3 Bxa1 21. Rxa1 a6 22. Rd1 Rd8 23. Rxd8+ Kxd8 24. Bd4 g6 25. Kf2 Kd7 26. Ke3
Kd6 27. Bf6 h5 28. b4 Kc6 29. Bd8 Kd7 30. Bf6 Bf5 31. c4 Ke6 32. Bd8 c6 33. Kd4
Kd7 34. Bg5 b5 35. cxb5 axb5 36. Ke5 Be6 37. g3 Bd5 38. Kf6 Kd6 39. Bf4+ Kd7
40. Be5 Bc4 41. Bf4 Kc8 42. Ke7 Kb7 43. Kd7 Be6+ 44. Kd6 Bd5 45. Bg5 Kb6 46.
Bh6 Be6 47. Bg5 Bd5 48. Kd7 Kb7 49. Bd8 Be6+ 50. Kd6 Kc8 51. Bb6 Kb7 52. Bd4
Bd5 53. Ke5 Kc7 54. Kf6 Kd6 55. Bc5+ Kd7 56. h4 Bb3 57. Bf8 Bc4 58. Bc5 Be6 59.
Bf8 Ke8 60. Bc5 Bd5 61. Be7 Kd7 62. Bc5 {Game drawn by agreement} 1/2-1/2

[Event "Live Chess"]
[Site "Chess.com"]
[Date "2020.04.04"]
[Round "?"]
[White "Hack, Don"]
[Black "Bloom, Corey"]
[Result "0-1"]
[WhiteElo "1204"]
[BlackElo "1780"]
[PlyCount "64"]
[EventDate "2020.??.??"]
[TimeControl "5400+30"]

1. d4 Nf6 2. c4 e6 3. Nc3 Bb4 4. Nf3 b6 5. Bd2 Bb7 6. e3 O-O 7. Be2 d5 8. a3
Bxc3 9. Bxc3 Ne4 10. Qc2 Nd7 11. O-O dxc4 12. Bxc4 Nxc3 13. bxc3 Bxf3 14. gxf3
Qh4 15. Qe4 Qh5 16. Qg4 Qa5 17. Rfc1 Nf6 18. Qh3 Rfd8 19. Kh1 c5 20. Rg1 Qxc3
21. Bxe6 fxe6 22. Qh6 Ne8 23. Rxg7+ Nxg7 24. Rg1 Rd7 25. Qxe6+ Rf7 26. Rxg7+
Kxg7 27. Qe5+ Kg8 28. Qg5+ Kh8 29. Qd5 Rg8 30. Qe5+ Rfg7 31. h4 Qe1+ 32. Kh2
Qxf2+ {alpentalcorey won by resignation} 0-1

[Event "Live Chess"]
[Site "Chess.com"]
[Date "2020.04.04"]
[Round "?"]
[White "Bloom, Corey"]
[Black "Deng, Grace"]
[Result "1-0"]
[WhiteElo "1780"]
[BlackElo "1438"]
[PlyCount "69"]
[EventDate "2020.??.??"]
[TimeControl "5400+30"]

1. f4 d5 2. Nf3 c5 3. e3 Nc6 4. b3 Bf5 5. Bb5 Bd7 6. Bb2 e6 7. O-O Nf6 8. c4 a6
9. Bxc6 bxc6 10. Ne5 Ra7 11. g4 Ne4 12. g5 Rg8 13. Qh5 g6 14. Qxh7 Rg7 15. Qh8
f6 16. Nxd7 Raxd7 17. d3 Rh7 18. Qg8 Qc7 19. Qxg6+ Rdf7 20. dxe4 fxg5 21. Be5
Qd7 22. exd5 exd5 23. cxd5 Qg4+ 24. Kh1 Rxh2+ 25. Kxh2 Qe2+ 26. Kg1 Qxe3+ 27.
Rf2 Qg3+ 28. Kf1 Qh3+ 29. Ke1 Qe3+ 30. Re2 Qg3+ 31. Kd2 Qf3 32. Bc7+ Be7 33.
Rxe7+ Kxe7 34. Qd6+ Ke8 35. Qd8# {alpentalcorey won by checkmate} 1-0

[Event "Live Chess"]
[Site "Chess.com"]
[Date "2020.04.04"]
[Round "?"]
[White "Devadithya, Lavindu"]
[Black "Bloom, Corey"]
[Result "0-1"]
[WhiteElo "1535"]
[BlackElo "1780"]
[PlyCount "64"]
[EventDate "2020.??.??"]
[TimeControl "5400+30"]

1. d4 Nf6 2. c4 e6 3. Nc3 Bb4 4. e3 b6 5. a3 Bxc3+ 6. bxc3 Ne4 7. Qg4 f5 8.
Qxg7 Qf6 9. Qxf6 Nxf6 10. Be2 Ba6 11. a4 Nc6 12. Ba3 Rg8 13. g3 Ne4 14. Bb4 Bb7
15. Bh5+ Kd8 16. Ne2 Nxb4 17. cxb4 Nf6 18. O-O Nxh5 19. c5 Bf3 20. Nc3 Nf6 21.
b5 Ke7 22. a5 h5 23. cxb6 cxb6 24. Ra3 h4 25. Rfa1 Rac8 26. axb6 axb6 27. Na4
Nd5 28. Nb2 Rc2 29. Nd3 hxg3 30. fxg3 Rg2+ 31. Kf1 Nxe3+ 32. Ke1 Re2# {
alpentalcorey won by checkmate} 0-1

[Event "Live Chess"]
[Site "Chess.com"]
[Date "2020.04.05"]
[Round "?"]
[White "Stein, Daniel"]
[Black "Bloom, Corey"]
[Result "1/2-1/2"]
[WhiteElo "1555"]
[BlackElo "1780"]
[PlyCount "146"]
[EventDate "2020.??.??"]
[TimeControl "5400+30"]

1. e4 e6 2. d4 d5 3. Nc3 Bb4 4. e5 c5 5. a3 Bxc3+ 6. bxc3 Nc6 7. Qg4 Nge7 8.
Qxg7 Rg8 9. Qxh7 cxd4 10. Nf3 Qc7 11. Bf4 Bd7 12. Bd3 O-O-O 13. O-O dxc3 14.
Bg3 Rdf8 15. Qh4 Ng6 16. Qf6 Nce7 17. Rfb1 d4 18. Nxd4 Nd5 19. Qf3 Nxe5 20. Qe2
f6 21. Nf3 Nxf3+ 22. Qxf3 Qc5 23. Ba6 Bc6 24. Qe2 e5 25. Qc4 Qxc4 26. Bxc4 Rg4
27. Bxd5 Bxd5 28. Rb5 Bc4 29. Rc5+ Kb8 30. f3 b6 31. fxg4 bxc5 32. Be1 Kc7 33.
Bxc3 Kd6 34. Re1 Bd5 35. Kf2 e4 36. Ke3 Ke6 37. Rf1 f5 38. gxf5+ Rxf5 39. Rxf5
Kxf5 40. Ba5 Bc6 41. Bc7 a6 42. h3 Ba4 43. g4+ Kg5 44. Bd8+ Kg6 45. Kxe4 Bxc2+
46. Kd5 Bd3 47. Kxc5 Bf1 48. h4 Be2 49. Kb6 Bxg4 50. Kxa6 Kf7 51. a4 Ke8 52.
Bg5 Kd7 53. a5 Kc6 54. Ka7 Bf3 55. Bf4 Bg4 56. Kb8 Kb5 57. Bc7 Ka6 58. Bb6 Bh5
59. Kc7 Bg4 60. Kc6 Bf3+ 61. Kc5 Kb7 62. Bd8 Bg4 63. Bf6 Bf3 64. Bc3 Bg4 65.
Kd6 Be2 66. Ke5 Bh5 67. Kf5 Bf3 68. Kg5 Ka8 69. Bd4 Kb7 70. h5 Bxh5 71. Kxh5
Ka8 72. a6 Kb8 73. Kg6 Ka8 {Game drawn by agreement} 1/2-1/2

[Event "Live Chess"]
[Site "Chess.com"]
[Date "2020.04.05"]
[Round "?"]
[White "Bloom, Corey"]
[Black "Velea, Stephanie"]
[Result "1/2-1/2"]
[WhiteElo "1780"]
[BlackElo "1700"]
[PlyCount "57"]
[EventDate "2020.??.??"]
[TimeControl "5400+30"]

1. f4 d5 2. Nf3 Nf6 3. e3 Bf5 4. b3 e6 5. Bb2 h6 6. c4 Be7 7. Nc3 c5 8. cxd5
exd5 9. Bb5+ Bd7 10. Ne5 Bxb5 11. Nxb5 O-O 12. O-O Qb6 13. Qe2 Nc6 14. Rac1
Rfe8 15. Nc3 a6 16. g4 Rad8 17. g5 hxg5 18. Nxf7 Kxf7 19. fxg5 Rh8 20. gxf6
gxf6 21. Na4 Qb4 22. Qf3 Rdg8+ 23. Kh1 Rxh2+ 24. Kxh2 Bd6+ 25. Kh3 Rh8+ 26. Kg2
Rg8+ 27. Kh3 Rh8+ 28. Kg2 Rg8+ 29. Kh3 {Game drawn by repetition} 1/2-1/2

[Event "Live Chess"]
[Site "Chess.com"]
[Date "2020.04.05"]
[Round "?"]
[White "Bloom, Corey"]
[Black "Willy, Stephen"]
[Result "1-0"]
[WhiteElo "1780"]
[BlackElo "1137"]
[PlyCount "57"]
[EventDate "2020.??.??"]
[TimeControl "5400+30"]

1. f4 d5 2. Nf3 Nc6 3. e3 Nf6 4. Bb5 Bg4 5. b3 e6 6. Bb2 a6 7. Bxc6+ bxc6 8.
O-O Be7 9. d3 h5 10. Nbd2 Rh6 11. h3 Bf5 12. Ne5 Qd7 13. Nxd7 Kxd7 14. Nf3 Rg6
15. Ne5+ Kd8 16. Nxg6 fxg6 17. e4 dxe4 18. dxe4+ Ke8 19. exf5 Rd8 20. Qf3 Nd5
21. fxg6 Nb4 22. Qxh5 Nxc2 23. Rad1 Rxd1 24. Rxd1 Bf8 25. Qh4 Be7 26. Qh8+ Bf8
27. Bxg7 Nd4 28. Qxf8+ Kd7 29. Rxd4# {alpentalcorey won by checkmate} 1-0

[Event "Live Chess"]
[Site "Chess.com"]
[Date "2020.04.04"]
[Round "?"]
[White "Merrikin, David"]
[Black "Bunch, Drew"]
[Result "1/2-1/2"]
[WhiteElo "1754"]
[BlackElo "1169"]
[PlyCount "186"]
[EventDate "2020.??.??"]
[TimeControl "5400+30"]

1. c4 Nf6 2. Nc3 d5 3. e3 e5 4. Qb3 d4 5. exd4 exd4 6. Nce2 Nc6 7. d3 Bb4+ 8.
Kd1 Ng4 9. Nh3 Qh4 10. g3 Qf6 11. Bf4 h6 12. a3 Ba5 13. f3 Ne3+ 14. Bxe3 Qxf3
15. Rg1 Qxe3 16. Qc2 Bf5 17. b4 Bxd3 18. Qd2 Qe4 19. Nf2 Bxe2+ 20. Qxe2 Qxe2+
21. Bxe2 Nxb4 22. axb4 Bxb4 23. Nd3 Be7 24. Bf3 c6 25. Re1 Kd8 26. Kc2 Bf6 27.
Re2 Re8 28. Rae1 Rxe2+ 29. Rxe2 Kc7 30. Kb3 Bg5 31. Bh5 g6 32. Bf3 Bf6 33. Ka4
Rd8 34. Kb3 Rd7 35. Be4 Re7 36. Nf2 Bg7 37. Bd3 Rxe2 38. Bxe2 Kd6 39. Bd3 h5
40. Ne4+ Ke5 41. Ng5 Kf6 42. h4 Bh6 43. Ne4+ Ke7 44. c5 Be3 45. Kc4 b6 46. cxb6
axb6 47. Ng5 Bf2 48. Ne4 Bg1 49. Bf1 f5 50. Ng5 Bf2 51. Nf3 Bxg3 52. Kxd4 Kd6
53. Bg2 Bf2+ 54. Kc4 b5+ 55. Kb4 Bc5+ 56. Kc3 Bf2 57. Bf1 Kd5 58. Bd3 c5 59.
Bxb5 Ke4 60. Bc6+ Kf4 61. Kd3 Kg4 62. Ke2 Bxh4 63. Ne5+ Kg5 64. Nf3+ Kg4 65.
Bd5 Bf6 66. Kf2 Kf4 67. Bf7 c4 68. Bxc4 g5 69. Ne1 Bd4+ 70. Kg2 h4 71. Nd3+ Ke3
72. Nb4 Be5 73. Be6 Ke4 74. Na6 Bd6 75. Bd7 g4 76. Kf2 Kf4 77. Bc6 g3+ 78. Kg2
Ke3 79. Bb7 f4 80. Bc6 h3+ 81. Kxh3 Kf2 82. Kg4 g2 83. Bxg2 Kxg2 84. Nc5 f3 85.
Ne4 Bb4 86. Kf4 Bc5 87. Kg4 Be3 88. Kf5 Kf1 89. Kg4 Ke2 90. Ng3+ Kf2 91. Ne4+
Kg2 92. Kf5 Bh6 93. Kg4 Be3 {Game drawn by repetition} 1/2-1/2

[Event "Live Chess"]
[Site "Chess.com"]
[Date "2020.04.04"]
[Round "?"]
[White "Wang, Jalen"]
[Black "Merrikin, David"]
[Result "1-0"]
[WhiteElo "1263"]
[BlackElo "1754"]
[PlyCount "85"]
[EventDate "2020.??.??"]
[TimeControl "5400+30"]

1. c4 Nf6 2. Nc3 e6 3. e4 c5 4. Nf3 Nc6 5. d4 cxd4 6. Nxd4 Bb4 7. Nde2 Nxe4 8.
Qd3 Nxc3 9. Nxc3 Qf6 10. Bd2 Qe5+ 11. Be2 Nd4 12. f4 Qf6 13. Ne4 Bxd2+ 14. Qxd2
Qd8 15. Qxd4 O-O 16. O-O d5 17. Rad1 Qa5 18. cxd5 exd5 19. Nc3 Rd8 20. Bf3 Be6
21. Bxd5 Rac8 22. Qe4 Qb6+ 23. Kh1 Bxd5 24. Nxd5 Qxb2 25. Ne7+ Kh8 26. Nxc8
Rxc8 27. Qe7 h6 28. Rd8+ Rxd8 29. Qxd8+ Kh7 30. Qd3+ g6 31. Qb3 Qf6 32. Qxb7 a6
33. a4 Kg7 34. a5 Qe6 35. Qb6 Qc4 36. Kg1 h5 37. f5 gxf5 38. Rxf5 Qc1+ 39. Rf1
Qc4 40. Qf6+ Kg8 41. Qg5+ Kf8 42. Qxh5 Qc5+ 43. Qxc5+ {jalenwang0606 won by
resignation} 1-0

[Event "Live Chess"]
[Site "Chess.com"]
[Date "2020.04.04"]
[Round "?"]
[White "Merrikin, David"]
[Black "Kona, Vidip"]
[Result "0-1"]
[WhiteElo "1754"]
[BlackElo "1261"]
[PlyCount "64"]
[EventDate "2020.??.??"]
[TimeControl "5400+30"]

1. c4 Nf6 2. Nc3 g6 3. d4 Bg7 4. e4 d6 5. Bd3 O-O 6. Nge2 e5 7. d5 Nbd7 8. O-O
Nc5 9. b4 Nxd3 10. Qxd3 Bd7 11. a4 b6 12. b5 Ne8 13. f3 f5 14. Bd2 h6 15. a5 g5
16. exf5 Bxf5 17. Ne4 Nf6 18. N2c3 Bh7 19. Nxf6+ Qxf6 20. Ne4 Qg6 21. a6 g4 22.
Rae1 gxf3 23. Rxf3 Rxf3 24. Qxf3 Rf8 25. Qe3 Rf4 26. Qh3 Rxe4 27. Qc8+ Bf8 28.
Rf1 Qg7 29. Qe6+ Kh8 30. h3 Re2 31. Rxf8+ Qxf8 32. Bxh6 Qf2+ {vidipkona won by
resignation} 0-1

[Event "Live Chess"]
[Site "Chess.com"]
[Date "2020.04.05"]
[Round "?"]
[White "Ruff, Lois"]
[Black "Merrikin, David"]
[Result "0-1"]
[WhiteElo "1027"]
[BlackElo "1754"]
[PlyCount "98"]
[EventDate "2020.??.??"]
[TimeControl "5400+30"]

1. e4 c6 2. d4 d5 3. e5 Bf5 4. Bd2 e6 5. Nf3 Bg4 6. Be2 Qb6 7. Bc3 Nd7 8. Nbd2
c5 9. O-O Rc8 10. h3 Bh5 11. Rb1 a6 12. Nb3 c4 13. Ba5 Qc6 14. Nbd2 b5 15. c3
Bg6 16. Rc1 Ne7 17. Re1 h6 18. Nh4 Bh7 19. Bh5 g6 20. Be2 g5 21. Nhf3 Rg8 22.
Nh2 Bg6 23. Ng4 Nf5 24. Nf1 h5 25. Nf6+ Nxf6 26. exf6 Rh8 27. Nh2 Bd6 28. a3
Bf4 29. Ra1 g4 30. g3 Bg5 31. h4 Bxf6 32. Bf1 Nd6 33. Bg2 Nb7 34. Bb4 a5 35.
Bc5 Nxc5 36. dxc5 Bd3 37. b3 Bxc3 38. bxc4 bxc4 39. a4 Qxc5 40. Rb1 Bxb1 41.
Bxd5 Bxe1 42. Bxe6 Qxf2+ 43. Kh1 Be4+ 44. Nf3 Bxf3+ 45. Qxf3 Qxf3+ 46. Kg1 Bf2+
47. Kf1 Bxg3+ 48. Kg1 Qf2+ 49. Kh1 Qf1# {DavidRMerrikin won by checkmate} 0-1

[Event "Live Chess"]
[Site "Chess.com"]
[Date "2020.04.05"]
[Round "?"]
[White "Merrikin, David"]
[Black "Ehrenberg, Joshua"]
[Result "1-0"]
[WhiteElo "1754"]
[BlackElo "673"]
[PlyCount "93"]
[EventDate "2020.??.??"]
[TimeControl "5400+30"]

1. c4 c5 2. Nc3 Nc6 3. e3 d6 4. g3 e5 5. Bg2 Nge7 6. Nge2 g6 7. d4 Qc7 8. d5
Nb4 9. a3 Na6 10. Nb5 Qb6 11. O-O Bg7 12. e4 O-O 13. Be3 Nc7 14. Nxc7 Qxc7 15.
b3 Bd7 16. a4 a5 17. Nc3 Qc8 18. Rb1 Kh8 19. Nb5 Ng8 20. Nxd6 Qc7 21. Nb5 Qc8
22. Qd3 Nh6 23. f3 Bh3 24. Qd2 Bxg2 25. Kxg2 f5 26. Bxh6 Rf6 27. Bxg7+ Kxg7 28.
d6 g5 29. Qd5 Rh6 30. Qxe5+ Kg8 31. Qd5+ Kh8 32. d7 Qd8 33. Qe5+ Kg8 34. Rbd1
fxe4 35. fxe4 b6 36. Qd5+ Kh8 37. Qxa8 Qxa8 38. d8=Q+ Qxd8 39. Rxd8+ Kg7 40.
Rd7+ Kg6 41. e5 Kh5 42. h3 g4 43. Rf5+ Kg6 44. Rf6+ Kh5 45. hxg4+ Kxg4 46. Rg7+
Kh5 47. Rf5# {DavidRMerrikin won by checkmate} 1-0

[Event "Live Chess"]
[Site "Chess.com"]
[Date "2020.04.05"]
[Round "?"]
[White "Shanmugam, Meera"]
[Black "Merrikin, David"]
[Result "0-1"]
[WhiteElo "1224"]
[BlackElo "1754"]
[PlyCount "62"]
[EventDate "2020.??.??"]
[TimeControl "5400+30"]

1. e4 c6 2. d4 d5 3. Nc3 dxe4 4. Nxe4 Bf5 5. Bd3 Qxd4 6. Nf3 Qd8 7. O-O Bxe4 8.
Bxe4 Qxd1 9. Rxd1 Nf6 10. Bf5 e6 11. Re1 Be7 12. Bd3 Nbd7 13. Bf4 Nd5 14. Bg3
h5 15. h4 Bc5 16. a3 N7f6 17. b4 Bb6 18. c4 Ne7 19. c5 Bd8 20. Rad1 Ned5 21.
Bc4 a6 22. Ng5 O-O 23. f4 Bc7 24. Rd4 b5 25. Bb3 a5 26. Bh2 axb4 27. axb4 Ra3
28. Bc2 Rc3 29. Re2 Ra8 30. Kf2 Ra1 31. Ne4 Ng4# {DavidRMerrikin won by
checkmate} 0-1

[Event "Live Chess"]
[Site "Chess.com"]
[Date "2020.04.04"]
[Round "?"]
[White "Devadithya, Hiruna"]
[Black "Velea, Stephanie"]
[Result "0-1"]
[WhiteElo "1148"]
[BlackElo "1700"]
[PlyCount "56"]
[EventDate "2020.??.??"]
[TimeControl "5400+30"]

1. e4 c5 2. Nf3 d6 3. d4 cxd4 4. Nxd4 Nf6 5. Nc3 g6 6. Bc4 Bg7 7. Be3 Nc6 8.
O-O O-O 9. h3 Bd7 10. f4 Qb6 11. Na4 Qb4 12. b3 Nxe4 13. Qd3 d5 14. Bxd5 Nxd4
15. Bxe4 Ne2+ 16. Qxe2 Bxa1 17. Bxb7 Qxb7 18. Rxa1 Bxa4 19. bxa4 Qb2 20. Qd1
Rfd8 21. Qb1 Qc3 22. Qc1 Rab8 23. Bxa7 Rb2 24. Qe1 Qxc2 25. Qf1 Rd2 26. Kh1
Rxg2 27. Bg1 Rh2+ 28. Bxh2 Qxh2# {GeniusSnail won by checkmate} 0-1

[Event "Live Chess"]
[Site "Chess.com"]
[Date "2020.04.04"]
[Round "?"]
[White "Velea, Stephanie"]
[Black "Ranganathan, Ananta"]
[Result "1/2-1/2"]
[WhiteElo "1700"]
[BlackElo "1367"]
[PlyCount "61"]
[EventDate "2020.??.??"]
[TimeControl "5400+30"]

1. e4 c5 2. Nf3 d6 3. Bb5+ Bd7 4. Bxd7+ Qxd7 5. O-O Nc6 6. c3 Nf6 7. Re1 e6 8.
d4 cxd4 9. cxd4 Be7 10. Nc3 O-O 11. h3 Rad8 12. d5 Ne5 13. dxe6 Nxf3+ 14. Qxf3
fxe6 15. Qe2 e5 16. Rd1 a6 17. Nd5 Nxd5 18. Rxd5 Qc7 19. Rd3 Rf7 20. Rc3 Qd7
21. Be3 Rdf8 22. a3 Bh4 23. Rf1 d5 24. exd5 Qxd5 25. Rc4 Bf6 26. Rd1 Qb5 27.
Qc2 Qe8 28. Rc1 Qd8 29. Rd1 Qe8 30. Rc1 Qd8 31. Rd1 {Game drawn by agreement}
1/2-1/2

[Event "Live Chess"]
[Site "Chess.com"]
[Date "2020.04.04"]
[Round "?"]
[White "HAITU2009"]
[Black "Velea, Stephanie"]
[Result "1-0"]
[WhiteElo "1344"]
[BlackElo "1700"]
[PlyCount "83"]
[EventDate "2020.??.??"]
[TimeControl "5400+30"]

1. e4 c5 2. Nf3 d6 3. Bb5+ Nd7 4. O-O Ngf6 5. Ba4 Nxe4 6. Re1 Nef6 7. d4 e6 8.
d5 e5 9. Nxe5 Be7 10. Nf3 O-O 11. c4 Nb6 12. Bb3 Bg4 13. a4 Nbd7 14. h3 Bh5 15.
g4 Bg6 16. Bc2 Bxc2 17. Qxc2 Re8 18. Nc3 Bf8 19. Rxe8 Qxe8 20. Bf4 Nb6 21. Nd2
Qd7 22. a5 Nc8 23. Nde4 Nxe4 24. Nxe4 h6 25. Bxh6 Ne7 26. Bf4 Ng6 27. Bg3 Re8
28. f4 Qe7 29. Re1 Qd8 30. Kg2 Kh8 31. Ng5 Kg8 32. Re6 Rxe6 33. dxe6 Qf6 34.
exf7+ Kh8 35. h4 Be7 36. Kh3 Nf8 37. Qe4 b6 38. axb6 axb6 39. f5 Nd7 40. Qc6
Ne5 41. Qe8+ Bf8 42. Qxf8# {HAITU2009 won by checkmate} 1-0

[Event "Live Chess"]
[Site "Chess.com"]
[Date "2020.04.05"]
[Round "?"]
[White "Stein, Daniel"]
[Black "Velea, Stephanie"]
[Result "0-1"]
[WhiteElo "1555"]
[BlackElo "1700"]
[PlyCount "50"]
[EventDate "2020.??.??"]
[TimeControl "5400+30"]

1. e4 c5 2. Nf3 d6 3. d4 cxd4 4. Nxd4 Nf6 5. Nc3 g6 6. Be3 Bg7 7. f3 Nc6 8. Qd2
O-O 9. O-O-O d5 10. Qe1 e5 11. Nxc6 bxc6 12. exd5 Nxd5 13. Bc4 Be6 14. g4 Qf6
15. Bxd5 cxd5 16. Rf1 d4 17. Ne4 Qe7 18. Bd2 Rab8 19. Kb1 Qa3 20. b3 d3 21. Nc3
Bxb3 22. cxb3 Rxb3+ 23. axb3 Rb8 24. Nb5 Rxb5 25. b4 Qb3+ {GeniusSnail won by
resignation} 0-1

[Event "Live Chess"]
[Site "Chess.com"]
[Date "2020.04.04"]
[Round "?"]
[White "Johar, Mudit"]
[Black "Willy, Stephen"]
[Result "0-1"]
[WhiteElo "1673"]
[BlackElo "1137"]
[PlyCount "40"]
[EventDate "2020.??.??"]
[TimeControl "5400+30"]

1. c4 e5 2. Nc3 Nf6 3. g3 Bc5 4. Bg2 Nc6 5. e3 d6 6. Nge2 Bf5 7. a3 a5 8. d4
Ba7 9. O-O h5 10. h3 e4 11. Qa4 Kf8 12. b4 Qc8 13. Kh2 h4 14. g4 Bxg4 15. hxg4
Nxg4+ 16. Kg1 Nf6 17. Kh1 h3 18. Bxe4 Nxe4 19. Nxe4 Qg4 20. N4g3 Qf3+ {
Stephenwilly won by resignation} 0-1

[Event "Live Chess"]
[Site "Chess.com"]
[Date "2020.04.04"]
[Round "?"]
[White "Huffaker, Jacob"]
[Black "Johar, Mudit"]
[Result "0-1"]
[WhiteElo "889"]
[BlackElo "1673"]
[PlyCount "64"]
[EventDate "2020.??.??"]
[TimeControl "5400+30"]

1. e4 c6 2. d4 d5 3. e5 Bf5 4. Bd3 Bxd3 5. Qxd3 e6 6. Ne2 c5 7. dxc5 Nc6 8. Be3
Nxe5 9. Qb5+ Qd7 10. Qxd7+ Nxd7 11. b4 a5 12. c3 Ngf6 13. O-O g6 14. Bd4 e5 15.
Be3 Bg7 16. Nd2 h6 17. Rfb1 Ng4 18. bxa5 Nxe3 19. fxe3 Rxa5 20. Rxb7 Nxc5 21.
Rb8+ Ke7 22. Rxh8 Bxh8 23. Kf2 Na6 24. Nb3 Ra3 25. Nd2 Nc7 26. Nb1 Ra6 27. Nd2
Nb5 28. a4 d4 29. cxd4 exd4 30. exd4 Nxd4 31. Ra2 Nc6 32. Ke3 Nb4 {
restthechess won by resignation} 0-1